 Dungeon Crawl Stone Soup version 0.31-a0-182-gc5ef74bbde (webtiles) character file.

Game seed: 3454081294898254198

268 qw the Chopper (level 6, 0/38 HPs)
             Began as a Gargoyle Fighter on June 20, 2023.
             Splashed by a jelly's acid (5 damage)
             ... in a sewer.
             The game lasted 00:01:13 (1945 turns).

qw the Chopper (Gargoyle Fighter)                   Turns: 1945, Time: 00:01:14

Health: 0/38       AC:  9    Str: 18 (21) XL:     6   Next: 21%
Magic:  6/6        EV:  5    Int:  7 (9)  God:
Gold:   24         SH:  4    Dex:  8 (9)  Spells: 5/5 levels left

rFire   . . .        Y - +0 war axe
rCold   . . .        c - +0 buckler
rNeg    + . .        q - +0 plate armour
rPois   inf          h - +0 helmet
rElec   +            (no cloak)
rCorr   .            (no gloves)
SInv    .            (no boots)
Will    .....        (no amulet) Stlth
                     (no ring)
HPRegen 0.26/turn    (no ring)
MPRegen 0.10/turn

%: no passive effects
@: corroded
A: sickness immunity, AC +4, negative energy resistance 1, electricity
resistance, torment resistance 1, petrification resistance
a: no special abilities


You were in a sewer.
You visited 1 branch of the dungeon, and saw 3 of its levels.
You also visited: Sewer.

You collected 93 gold pieces.
You spent 69 gold pieces at shops.


Innate Abilities, Weirdness & Mutations

You are immune to sickness and miasma.
Your stone body is resilient. (AC +4)
You are immune to poison.
You resist negative energy. (rN+)
You are resistant to electric shocks. (rElec)
You are resistant to unholy torment.
You are immune to petrification.


   Skills:
 - Level 4.0 Fighting
 + Level 5.4 Axes
 - Level 3.2 Armour
 - Level 3.2 Shields


You had 5 spell levels left.
You didn't know any spells.
Your spell library was empty.

Inventory:

Hand Weapons
 p - a +0 flail
 Y - a +0 war axe (weapon)
Armour
 c - a +0 buckler (worn)
 h - a +0 helmet (worn)
 q - a +0 plate armour (worn)
Scrolls
 l - a scroll of identify
Potions
 d - a potion of might
 e - a potion of curing
 i - a potion of haste
 k - 3 potions of enlightenment
 o - a potion of heal wounds {unknown}

Dungeon Overview and Level Annotations

Branches:
Dungeon (3/15)              Sewer (1/1)

Altars:

Shops:
D:2 :?*?


Message History

You block the frilled lizard's attack.
The frilled lizard bites you but does no damage.
You block the jelly's attack.
You miss the frilled lizard.
The frilled lizard is heavily wounded.
You hit the jelly but do no damage.
Your hands burn!
The frilled lizard bites you but does no damage.
The jelly barely misses you.
You barely miss the frilled lizard.
The frilled lizard is heavily wounded.
You barely miss the jelly. The frilled lizard bites you.
The jelly hits you but does no damage.
You closely miss the frilled lizard.
The frilled lizard is heavily wounded.
You hit the jelly but do no damage. The acid corrodes you!
Your hands burn!
The frilled lizard bites you but does no damage.
The jelly hits you but does no damage. The frilled lizard barely misses you.
The jelly hits you.
You are splashed with acid!
You barely miss the frilled lizard.
The frilled lizard is heavily wounded.
You hit the jelly.
Your hands burn!
The frilled lizard bites you but does no damage.
The jelly hits you but does no damage.
You barely miss the frilled lizard.
The frilled lizard is heavily wounded.
You hit the jelly. The acid corrodes you!
Your hands burn!
The frilled lizard bites you. The jelly hits you but does no damage.
You completely miss the jelly.
The jelly is heavily wounded.
You slash the frilled lizard!
You kill the frilled lizard!
The jelly hits you but does no damage.
You slash the jelly!
Your hands burn!
The jelly is almost dead.
The jelly hits you.
You are splashed with acid!
You block the jelly's attack.
You hit the jelly but do no damage.
Your hands burn!
The jelly is almost dead.
The jelly hits you but does no damage.
You hit the jelly but do no damage.
Your hands burn!
You die...

..## ~~.# ...##
.~.# ####
######~~## #..~#
#~.~.#.~~##~~.~.
\~~~~.~.~#...#
##~.J%~~.~#
#.~..@~~~##
#!..##..~~#
##!##~.~~~##
#~.~...~##
~~~~##....###
~~.~# ##.....##
#.~# ##~~~%~#
#~~ ###..~#
##~.##


You could see a jelly.

Vanquished Creatures
  Sigmund (D:2)
  An adder (D:2)
  A river rat (Sewer)
  A worm (Sewer)
  An orc (D:3)
  6 ball pythons
  11 bats
  9 endoplasms
  7 giant cockroaches
  3 goblins
  4 hobgoblins
  4 jackals (D:2)
  5 kobolds
  7 frilled lizards
  14 rats
75 creatures vanquished.

Notes
Turn   | Place    | Note
-------+----------+-------------------------------------------
     0 | D:1      | qw the Gargoyle Fighter began the quest for the Orb.
     0 | D:1      | Reached XP level 1. HP: 14/14 MP: 1/1
     0 | D:1      | 0 ||| qw: Version: 0.3-a-9-g12657ce
     0 | D:1      | 0 ||| qw: Game counter: 1493
     0 | D:1      | 0 ||| qw: Always use a shield: true
     0 | D:1      | 0 ||| qw: God list: Okawaru
     0 | D:1      | 0 ||| qw: Allow faded altars: false
     0 | D:1      | 0 ||| qw: Do Orc after D:15 true
     0 | D:1      | 0 ||| qw: Do second Lair branch before Depths: true
     0 | D:1      | 0 ||| qw: Lair rune preference: random
     0 | D:1      | 0 ||| qw: Plans: Normal, Zot:1-4, Slime:5, God:TSO, Crypt,
                  | Tomb, Abyss, Pan, Hells, Win
     0 | D:1      | 0 ||| PLANNING D:1-11
    35 | D:1      | Reached skill level 2 in Axes
   135 | D:1      | Found a faded altar of an unknown god.
   153 | D:1      | Reached XP level 2. HP: 19/19 MP: 2/2
   265 | D:1      | 265 ||| Stepping ~*~*~tactically~*~*~ (stealth).
   321 | D:1      | Reached skill level 3 in Axes
   374 | D:1      | Reached XP level 3. HP: 20/23 MP: 3/3
   703 | D:1      | 703 ||| UPGRADING to +0 helmet.
   812 | D:2      | 812 ||| Stepping ~*~*~tactically~*~*~ (stealth).
   848 | D:2      | 848 ||| Stepping ~*~*~tactically~*~*~ (stealth).
   934 | D:2      | Noticed Sigmund
   945 | D:2      | Killed Sigmund
   946 | D:2      | Reached skill level 5 in Axes
   946 | D:2      | Reached XP level 4. HP: 28/28 MP: 4/4
   946 | D:2      | Reached XP level 5. HP: 32/32 MP: 5/5
   967 | D:2      | 967 ||| Stepping ~*~*~tactically~*~*~ (stealth).
  1106 | D:2      | Found Icadourr's Assorted Antiques.
  1123 | D:2      | 1123 ||| DROPPING +0 club.
  1130 | D:2      | 1130 ||| BUYING fuming grey potion (21 gold).
  1130 | D:2      | Bought a fuming grey potion for 21 gold pieces
  1130 | D:2      | 1130 ||| BUYING scroll labelled AGHOENG GOEMEO (24 gold).
  1130 | D:2      | Bought a scroll labelled AGHOENG GOEMEO for 24 gold pieces
  1130 | D:2      | 1130 ||| BUYING scroll labelled AGHOENG GOEMEO (24 gold).
  1130 | D:2      | Bought a scroll labelled AGHOENG GOEMEO for 24 gold pieces
  1130 | D:2      | 1130 ||| SHOPLISTING scroll labelled OWNIRGH QOCICW (24
                  | gold, have 14).
  1130 | D:2      | 1130 ||| SHOPLISTING scroll labelled XONAPS UMEER (24 gold,
                  | have 14).
  1130 | D:2      | 1130 ||| SHOPLISTING smoky ruby potion (21 gold, have 14).
  1158 | D:2      | Found Kufi Cas's Magic Scroll Emporium.
  1164 | D:2      | 1164 ||| SHOPLISTING scroll of enchant weapon (97 gold,
                  | have 14).
  1164 | D:2      | 1164 ||| SHOPLISTING scroll of identify (26 gold, have 14).
  1263 | D:2      | 1263 ||| UPGRADING to +0 plate armour.
  1283 | D:2      | Reached XP level 6. HP: 34/38 MP: 6/6
  1296 | D:2      | 1296 ||| DROPPING +0 scale mail.
  1297 | D:2      | 1297 ||| READING 2 scrolls labelled AGHOENG GOEMEO.
  1298 | D:2      | 1298 ||| READING 3 scrolls labelled OWNIRGH QOCICW.
  1299 | D:2      | 1299 ||| READING scroll labelled AGEUMU EFAOPH.
  1300 | D:2      | 1300 ||| READING scroll labelled FAAMNOOTYH.
  1301 | D:2      | 1301 ||| DRINKING 2 red potions.
  1302 | D:2      | 1302 ||| DRINKING 2 fuming grey potions.
  1303 | D:2      | 1303 ||| DRINKING 2 amethyst potions.
  1304 | D:2      | 1304 ||| READING 2 scrolls of identify.
  1304 | D:2      | 1304 ||| IDENTIFYING lumpy sapphire potion
  1305 | D:2      | 1305 ||| DROPPING scroll of amnesia.
  1306 | D:2      | 1306 ||| DROPPING potion of degeneration.
  1335 | D:2      | Found Fovibola's Magic Scroll Shoppe.
  1350 | D:2      | 1350 ||| SHOPLISTING scroll of identify (24 gold, have 14).
  1350 | D:2      | 1350 ||| SHOPLISTING scroll of teleportation (36 gold, have
                  | 14).
  1501 | D:2      | Found Gihaparph's Book Shoppe.
  1624 | D:2      | 1624 ||| READING 2 scrolls labelled XONAPS UMEER.
  1625 | D:2      | 1625 ||| DROPPING scroll of fear.
  1679 | D:3      | 1679 ||| PLANNING SEWER
  1784 | D:3      | Found a glowing drain.
  1798 | Sewer    | Entered a sewer
  1823 | Sewer    | 1823 ||| Stepping ~*~*~tactically~*~*~ (water).
  1934 | Sewer    | 1934 ||| Stepping ~*~*~tactically~*~*~ (water).
  1944 | Sewer    | HP: 5/38 [acid (5)]
  1945 | Sewer    | Splashed by a jelly's acid

Levels and vault maps discovered:
D:1:      tarquinn_simple_flora_water_b, layout_basic,
          hellmonk_ecumenical_altar_blasted, hex_tiny
D:2:      layout_loops_cross, serial_shops,
          nicolae_shop_temple_entry_statues_fountains, nicolae_shop_waterfront,
          nicolae_shop_tiny_statue_garden, nicolae_shop_pleasant_corner_grove,
          reono_crystal_passage, uniq_sigmund
D:3:      minmay_thinvault, layout_loops_corners, nicolae_ru_path_of_blood,
          cheibrodos_sewer_entry_sluice, uniq_natasha, uniq_grinder,
          uniq_terence
Sewer:    sewer_hellmonk_slimy_pipes

Skill      XL: |  1  2  3  4  5  6 |
---------------+-------------------+-----
Axes           | 2 3 5 |  5.4
Fighting       | 4 |  4.0
Armour         | |  3.2
Shields        | |  3.2

Action                     |  1- 3 |  4- 6 || total
---------------------------+-------+-------++-------
  Melee: War axe           |   101 |    71 ||   172
  Throw: Boomerang         |     9 |    44 ||    53
    Use: Scroll            |       |     6 ||     6
         Potion            |       |     3 ||     3
 Armour: Scale mail        |    44 |     8 ||    52
         Plate armour      |       |    38 ||    38
         Skin              |       |     2 ||     2
  Dodge: Dodged            |    45 |    17 ||    62
  Block: Buckler           |    19 |    13 ||    32

Table legend:
 A = Non-vault XP
 B = Vault XP
 C = Vault XP percentage of total XP
 D = Non-vault monster count
 E = Vault monster count
 F = Vault count percentage of total count
                 A         B        C        D         E       F
            +---------+---------+-------+---------+---------+-------
      Total |     102 |     281 |  73.4 |      55 |      20 |  26.7
            +---------+---------+-------+---------+---------+-------
        D:1 |      39 |       0 |   0.0 |      24 |       0 |   0.0
        D:2 |      54 |     239 |  81.6 |      26 |       1 |   3.7
        D:3 |       9 |       4 |  30.8 |       5 |       3 |  37.5
      Sewer |       0 |      38 | 100.0 |       0 |      16 | 100.0
            +---------+---------+-------+---------+---------+-------
